 Dungeon Sprint DCSS version 0.23.2-1-ga50397a6bc (webtiles) character file.

Game seed: 16979140048039996143

2533 Denreik the Thaumaturge (level 9, -3/71 (73) HPs)
             Began as a Gnoll Earth Elementalist on Apr 14, 2019.
             Was an Initiate of Gozag.
             Slain by a tentacle (19 damage)
             ... attached to a kraken
             ... in the Dungeon (Sprint II: "The Violet Keep of Menkaure").
             The game lasted 00:34:40 (3540 turns).

Denreik the Thaumaturge (Gnoll Earth Elementalist)  Turns: 3540, Time: 00:34:41

HP:   -3/71 (73)    AC:  7    Str: 12    XL:     9   Next: 55%
MP:   0/22          EV: 17    Int: 20    God:    Gozag
Gold: 1054          SH:  0    Dex: 15    Spells: 1/26 levels left

rFire    . . .     SeeInvis .   a - +8 trident of the Octopus King {venom, rElec rPois MR+}
rCold    . . .     Gourm    .   (no shield)
rNeg     . . .     Faith    .   m - +2 leather armour {MR+}
rPois    +         Spirit   +   (no helmet)
rElec    +         Reflect  .   d - scarf {Spirit}
rCorr    .         Harm     .   x - +0 pair of gloves
MR       ++...     NoTele   +   (no boots)
Stlth    ++........             (no amulet)
HPRegen  0.21/turn              k - ring of wizardry
MPRegen  0.18/turn              (no ring)

@: very slow
A: distributed training, fangs 1, strong nose
a: Potion Petition, Call Merchant, Bribe Branch, Renounce Religion


You were in the Dungeon.
You worshipped Gozag.
Gozag was most pleased with you.
You were not hungry.

You visited 1 branch You collected 2807 gold pieces.
You spent 1753 gold pieces at shops.

Inventory:

Hand Weapons
 a - the +8 trident of the Octopus King (weapon) {venom, rElec rPois MR+}
   (You bought it in a shop in the Dungeon)

   It poisons the flesh of those it strikes.
   It insulates you from electricity.
   It protects you from poison.
   It affects your resistance to hostile enchantments.
 b - a +0 arbalest
 l - a +0 hunting sling of flaming
 D - a +2 hunting sling of flaming
Missiles
 o - 25 bolts
 s - 61 sling bullets
 t - 69 stones (quivered)
Armour
 d - a scarf of spirit shield (worn)
 m - a +2 leather armour of magic resistance (worn)
 n - the +0 chain mail "Sazeqawa" {MR- Dex+7 SInv Stlth+}
   (You bought it in a shop in the Dungeon)

   It affects your dexterity (+7).
   It affects your resistance to hostile enchantments.
   It lets you see invisible.
   It makes you more stealthy.
 x - a +0 pair of gloves (worn)
Jewellery
 k - a ring of wizardry (left hand)
Scrolls
 j - 2 scrolls of blinking
 r - 2 scrolls of remove curse {unknown}
 u - a scroll of enchant armour {unknown}
 y - a scroll of amnesia {unknown}
 z - a scroll of magic mapping {unknown}
 A - a scroll of random uselessness {unknown}
 C - 2 scrolls of fear {unknown}
 E - a scroll of enchant weapon {unknown}
 F - a scroll of identify {unknown}
Potions
 e - 4 potions of curing
 f - a potion of heal wounds
 g - 2 potions of haste
 h - 4 potions of magic
 i - 2 potions of berserk rage
 q - 3 potions of resistance {unknown}
 v - 5 potions of flight
 w - a potion of lignification {unknown}
 B - 2 potions of agility {unknown}
Comestibles
 p - 3 rations


   Skills:
 + Level 7.7 Fighting
 + Level 7.7 Short Blades
 + Level 7.7 Long Blades
 + Level 7.7 Axes
 + Level 7.7 Maces & Flails
 + Level 7.7 Polearms
 + Level 7.7 Staves
 + Level 7.7 Slings
 + Level 7.7 Bows
 + Level 7.7 Crossbows
 + Level 7.7 Throwing
 + Level 7.7 Armour
 + Level 9.0 Dodging
 + Level 8.9 Stealth
 + Level 7.7 Shields
 + Level 7.7 Unarmed Combat
 + Level 9.2 Spellcasting
 + Level 6.4 Conjurations
 + Level 6.4 Hexes
 + Level 6.4 Charms
 + Level 6.4 Summonings
 + Level 6.4 Necromancy
 + Level 6.4 Translocations
 + Level 6.8 Transmutations
 + Level 6.4 Fire Magic
 + Level 6.4 Ice Magic
 + Level 6.4 Air Magic
 + Level 8.5 Earth Magic
 + Level 6.4 Poison Magic
 + Level 8.4 Invocations
 + Level 7.7 Evocations


You had one spell level left.
You knew the following spells:

 Your Spells              Type           Power        Failure   Level  Hunger
a - Sandblast             Erth           #####.       1%          1    None
b - Passwall              Tmut/Erth      #####...     1%          2    None
c - Stone Arrow           Conj/Erth      #####.       1%          3    None
d - Petrify               Tmut/Erth      #####...     1%          4    ###....
e - Lee's Rapid Deconstr  Erth           #####.....   3%          5    #####..
f - Mephitic Cloud        Conj/Pois/Air  #####...     1%          3    None
g - Conjure Flame         Conj/Fire      #####...     1%          3    None
h - Blink                 Tloc           N/A          1%          2    None
i - Call Imp              Summ           #####...     1%          2    None

Your spell library contained the following spells:

 Spells                   Type           Power        Failure   Level  Hunger
 Magic Dart               Conj           ####         1%          1    None
 Slow                     Hex            #####...     1%          2    None


Dungeon Overview and Level Annotations

Branches:
Dungeon (1/1)

Altars:
Cheibriados
Dithmenos
Elyvilon
Fedhas
Gozag
Hepliaklqana
Kikubaaqudgha
Makhleb
Nemelex Xobeh
Okawaru
Qazlal
Ru
Sif Muna
Trog
Uskayaw
Vehumet
Wu Jian
Xom
Yredelemnul
Zin
The Shining One
Beogh
Jiyva
Lugonu

Shops:
D }:=[?:[%?(!?((!=

Annotations:
D exclusions: ice statue and oklob plant, Roxanne


Innate Abilities, Weirdness & Mutations

Your experience applies equally to all skills.
You have very sharp teeth.
Your uncanny sense of smell can sniff out nearby items.


Message History

The tentacle appears confused.
The tentacle is engulfed in noxious fumes.
The tentacle slaps you!
The tentacle is engulfed in noxious fumes. x2
The tentacle is engulfed in noxious fumes.
The tentacle appears confused.
The tentacle is engulfed in noxious fumes.
The tentacle slaps you!!
The tentacle is engulfed in noxious fumes.
The tentacle appears confused.
The tentacle is engulfed in noxious fumes.
The tentacle appears confused.
The tentacle slaps you!
* * * LOW HITPOINT WARNING * * *
The tentacle is engulfed in noxious fumes.
The tentacle appears confused.
The tentacle is engulfed in noxious fumes.
A tentacle segment bursts forth from the water.
The tentacle slaps you!!
You die...
Your body crumbles into a pile of gold.

∆ #):▓...).().▓▓ ###
$+.##.#[:▓........▓▓ ..#$
.^.####▓.....().▓▓ $ ..##
#.^##.#▓...[....▓▓ #..#
+..#..#▓....(..)▓▓ $$ #..#$
#..#..#▓......).▓▓
'..####.^##.#▓..).[...▓▓
#..§.###$..##▓▓▓▓▓▓▓Λ▓▓▓▓+▓
#......≈≈≈≈≈≈≈≈≈@w≈≈.──Xw≈▓∆∆
$ ≈≈§....≈#'########'###°ww≈▓∆
≈§§≈≈..≈#..._._._#§≈§##≈≈≈▓∆∆$
§§≈≈§≈.≈#_._._._.#≈§§§####▓
§≈§§≈§≈≈#._._._._#§§§§≈##$$ $$
§≈≈≈§≈≈≈#_._._._.#§§§≈§§#$ $
≈≈§§§§≈≈#._._._..#§§≈≈§≈+$$ $$
≈§§###≈≈#_._._...#§§≈§§§#$ $
#≈≈#.#≈≈#._._....#§≈≈§§§▓$$ $$


You could see a kraken and 2 tentacles.

Vanquished Creatures
  A merfolk siren (D)
  A yaktaur (D)
  2 tyrant leeches (D)
  3 polar bears (D)
  A hornet (D)
  A blink frog (D)
  4 necrophages (D)
  5 crocodiles (D)
  3 worms (D)
21 creatures vanquished.

Vanquished Creatures (others)
  Menkaure (D)
  24 tentacles (D)
25 creatures vanquished.

Grand Total: 46 creatures vanquished

Notes
Turn   | Place    | Note
-------+----------+-------------------------------------------
     0 | D        | Denreik the Gnoll Earth Elementalist began the quest for
                  | the Orb.
     0 | D        | Reached XP level 1. HP: 13/13 MP: 6/6
     1 | D        | Noticed a merfolk siren
    16 | D        | Killed a merfolk siren
    16 | D        | Reached skill level 5 in Invocations
    16 | D        | Reached XP level 2. HP: 17/26 MP: 0/9
    16 | D        | Reached XP level 3. HP: 20/31 MP: 0/11
    16 | D        | Reached XP level 4. HP: 25/38 MP: 0/12
    16 | D        | Reached XP level 5. HP: 28/43 MP: 0/14
    16 | D        | Reached XP level 6. HP: 32/49 MP: 0/15
    79 | D        | Killed Menkaure
   127 | D        | Found a glowing golden altar of the Shining One.
   127 | D        | Found an ornate altar of the Wu Jian Council.
   127 | D        | Found a stormy altar of Qazlal.
   128 | D        | Found a shimmering altar of Xom.
   128 | D        | Found a sacrificial altar of Ru.
   129 | D        | Found a basalt altar of Yredelemnul.
   129 | D        | Found a deep blue altar of Sif Muna.
   129 | D        | Found a viscous altar of Jiyva.
   130 | D        | Found a glowing silver altar of Zin.
   130 | D        | Found a bloodstained altar of Trog.
   130 | D        | Found an ancient bone altar of Kikubaaqudgha.
   131 | D        | Found a hide-covered altar of Uskayaw.
   131 | D        | Found a corrupted altar of Lugonu.
   131 | D        | Found a shadowy altar of Dithmenos.
   131 | D        | Found a hazy altar of Hepliaklqana.
   131 | D        | Found a snail-covered altar of Cheibriados.
   132 | D        | Found a radiant altar of Vehumet.
   132 | D        | Found a burning altar of Makhleb.
   132 | D        | Found a white marble altar of Elyvilon.
   133 | D        | Found a sparkling altar of Nemelex Xobeh.
   133 | D        | Found a blossoming altar of Fedhas.
   135 | D        | Found an iron altar of Okawaru.
   135 | D        | Found an opulent altar of Gozag.
   136 | D        | Found a roughly hewn altar of Beogh.
   142 | D        | Noticed a flying skull
   142 | D        | Noticed a flying skull
   143 | D        | Became a worshipper of Gozag Ym Sagoz the Greedy
   169 | D        | Learned a level 3 spell: Stone Arrow
   173 | D        | Learned a level 2 spell: Passwall
   178 | D        | Learned a level 4 spell: Petrify
   184 | D        | Learned a level 5 spell: Lee's Rapid Deconstruction
   189 | D        | Noticed Roxanne
   198 | D        | Found Navewn's Distillery.
   198 | D        | Found Bievos's Jewellery Emporium.
   199 | D        | Found Mehiucsa's Weapon Shoppe.
   199 | D        | Found Relerho's Magic Scroll Emporium.
   199 | D        | Found Ryjafer's Weapon Emporium.
   200 | D        | Found Iteome's Antique Weapon Shoppe.
   200 | D        | Found Igusuaf's Magic Scroll Emporium.
   200 | D        | Found Ubon's Distillery.
   200 | D        | Found Buebloul's Food Shoppe.
   201 | D        | Found Voguxtoc's Book Shoppe.
   201 | D        | Found Wuj Ela's Antique Armour Emporium.
   201 | D        | Found Mapi Hisy's Magic Scroll Shoppe.
   201 | D        | Noticed an ice dragon
   204 | D        | Noticed a hell hog
   219 | D        | Noticed a hell hog
   242 | D        | Found Eweufug's Antique Armour Shoppe.
   242 | D        | Found Qoudenk's Jewellery Emporium.
   242 | D        | Noticed an oklob plant
   243 | D        | Found Huoleassi's Gadget Shoppe.
   243 | D        | Found Bamo Warr's Book Shoppe.
   269 | D        | Bought a book of Minor Magic for 280 gold pieces
   273 | D        | Learned a level 3 spell: Mephitic Cloud
   283 | D        | Noticed a blink frog
   287 | D        | Killed a blink frog
   287 | D        | Reached skill level 5 in Fighting
   287 | D        | Reached skill level 5 in Short Blades
   287 | D        | Reached skill level 5 in Long Blades
   287 | D        | Reached skill level 5 in Axes
   287 | D        | Reached skill level 5 in Maces & Flails
   287 | D        | Reached skill level 5 in Polearms
   287 | D        | Reached skill level 5 in Staves
   287 | D        | Reached skill level 5 in Slings
   287 | D        | Reached skill level 5 in Bows
   287 | D        | Reached skill level 5 in Crossbows
   287 | D        | Reached skill level 5 in Throwing
   287 | D        | Reached skill level 5 in Armour
   287 | D        | Reached skill level 5 in Shields
   287 | D        | Reached skill level 5 in Unarmed Combat
   287 | D        | Reached skill level 5 in Transmutations
   287 | D        | Reached skill level 5 in Evocations
   287 | D        | Reached XP level 7. HP: 56/56 MP: 12/17
   302 | D        | Noticed an orange crystal statue
   327 | D        | Bought a potion of flight for 30 gold pieces
   346 | D        | Noticed an ice statue
   375 | D        | Reached XP level 8. HP: 44/62 MP: 10/19
   383 | D        | Reached skill level 5 in Conjurations
   383 | D        | Reached skill level 5 in Hexes
   383 | D        | Reached skill level 5 in Charms
   383 | D        | Reached skill level 5 in Summonings
   383 | D        | Reached skill level 5 in Necromancy
   383 | D        | Reached skill level 5 in Translocations
   383 | D        | Reached skill level 5 in Fire Magic
   383 | D        | Reached skill level 5 in Ice Magic
   383 | D        | Reached skill level 5 in Air Magic
   383 | D        | Reached skill level 5 in Poison Magic
   642 | D        | Learned a level 3 spell: Conjure Flame
   645 | D        | Learned a level 2 spell: Blink
   760 | D        | Bought the +8 trident of the Octopus King {venom, rElec
                  | rPois MR+} for 748 gold pieces
   760 | D        | Found the +8 trident of the Octopus King {venom, rElec
                  | rPois MR+}
   778 | D        | Noticed a tyrant leech
   778 | D        | Noticed a tyrant leech
  1044 | D        | Bought a distressingly furry chain mail for 237 gold pieces
  1054 | D        | Identified the +0 chain mail "Sazeqawa" {MR- Dex+7 SInv
                  | Stlth+} (You bought it in a shop in the Dungeon)
  1057 | D        | Bought a glowing leather armour for 125 gold pieces
  1418 | D        | Killed a tyrant leech
  1484 | D        | Killed a tyrant leech
  1693 | D        | Bought a runed scarf for 168 gold pieces
  1842 | D        | Noticed a polar bear
  1844 | D        | Killed a polar bear
  1847 | D        | Noticed a polar bear
  1867 | D        | Killed a polar bear
  1867 | D        | Reached XP level 9. HP: 49/70 MP: 2/21
  1870 | D        | Noticed a hornet
  1981 | D        | Learned a level 2 spell: Call Imp
  1985 | D        | Noticed a yaktaur
  1986 | D        | Noticed a polar bear
  1998 | D        | Killed a hornet
  2126 | D        | Killed a yaktaur
  2151 | D        | Bought a ration for 55 gold pieces
  2151 | D        | Bought a ration for 55 gold pieces
  2151 | D        | Bought a ration for 55 gold pieces
  2276 | D        | Killed a polar bear
  2400 | D        | Noticed a kraken
  3540 | D        | Slain by a tentacle

Skill      XL: |  1  2  3  4  5  6  7  8  9 |
---------------+----------------------------+-----
Fighting       | 4 5 7 |  7.7
Short Blades   | 4 5 7 |  7.7
Long Blades    | 4 5 7 |  7.7
Axes           | 4 5 7 |  7.7
Maces & Flails | 4 5 7 |  7.7
Polearms       | 4 5 7 |  7.7
Staves         | 4 5 7 |  7.7
Slings         | 4 5 7 |  7.7
Bows           | 4 5 7 |  7.7
Crossbows      | 4 5 7 |  7.7
Throwing       | 4 5 7 |  7.7
Armour         | 4 5 7 |  7.7
Dodging        | 6 7 8 9 |  9.0
Stealth        | 6 7 8 |  8.9
Shields        | 4 5 7 |  7.7
Unarmed Combat | 4 5 7 |  7.7
Spellcasting   | 6 7 8 9 |  9.2
Conjurations   | 3 4 5 6 |  6.4
Hexes          | 3 4 5 6 |  6.4
Charms         | 3 4 5 6 |  6.4
Summonings     | 3 4 5 6 |  6.4
Necromancy     | 3 4 5 6 |  6.4
Translocations | 3 4 5 6 |  6.4
Transmutations | 4 5 6 |  6.8
Fire Magic     | 3 4 5 6 |  6.4
Ice Magic      | 3 4 5 6 |  6.4
Air Magic      | 3 4 5 6 |  6.4
Earth Magic    | 6 7 8 |  8.5
Poison Magic   | 3 4 5 6 |  6.4
Invocations    | 5 6 7 8 |  8.4
Evocations     | 4 5 7 |  7.7

Action                   |  1- 3 |  4- 6 |  7- 9 || total
-------------------------+-------+-------+-------++-------
Melee: Unarmed           |       |       |    30 ||    30
       Trident           |       |       |    40 ||    40
       Bite              |       |       |    10 ||    10
 Fire: Arbalest          |       |       |     4 ||     4
 Cast: Sandblast         |    12 |     9 |     9 ||    30
       Stone Arrow       |       |     2 |    14 ||    16
       Petrify           |       |       |    14 ||    14
       Mephitic Cloud    |       |       |     9 ||     9
       Conjure Flame     |       |       |     3 ||     3
       Passwall          |       |       |     2 ||     2
       Blink             |       |       |     1 ||     1
       Call Imp          |       |       |     2 ||     2
  Use: Potion            |     1 |       |     1 ||     2
 Stab: Petrified         |       |       |    17 ||    17
       Confused          |       |       |     5 ||     5
       Petrifying        |       |       |     2 ||     2
  Eat: Ration            |       |       |     3 ||     3
Armor: Robe              |       |       |     1 ||     1
       Leather armour    |       |       |     3 ||     3
Dodge: Dodged            |     2 |     1 |    34 ||    37
